 Dungeon Crawl Stone Soup version 0.30.1-3-gfc49f6343a (webtiles) character file.

Game seed: 12964643310051218978

7035 Peloso the Carver (level 10, -2/90 HPs)
             Began as a Minotaur Fighter on July 19, 2023.
             Was a Believer of Okawaru.
             Succumbed to barbed spike wounds
             ... on level 11 of the Dungeon on July 20, 2023.
             The game lasted 00:22:33 (11369 turns).

Peloso the Carver (Minotaur Fighter)               Turns: 11369, Time: 00:22:34

Health: -2/90      AC: 14    Str: 23    XL:     10   Next: 83%
Magic:  9/9        EV:  7    Int:  5    God:    Okawaru [**....]
Gold:   546        SH: 11    Dex: 12    Spells: 9/9 levels left

rFire   . . .        a - +3 falchion
rCold   . . .        d - +0 kite shield
rNeg    . . .        A - +0 plate armour
rPois   .            (helmet restricted)
rElec   .            (no cloak)
rCorr   .            (no gloves)
SInv    .            (no boots)
Will    .....        (no amulet) Stlth
                     (no ring)
HPRegen 0.35/turn    (no ring)
MPRegen 0.11/turn

%: no passive effects
@: about to teleport, spiked
A: horns 2, retaliatory headbutt
a: Renounce Religion, Heroism


You were on level 11 of the Dungeon.
You worshipped Okawaru.
Okawaru was pleased with you.
You visited 2 branches of the dungeon, and saw 12 of its levels.
You also visited: Sewer and Ossuary.

You collected 546 gold pieces.

Inventory:

Hand Weapons
 a - a +3 falchion (weapon)
Missiles
 v - 3 throwing nets (quivered)
Armour
 b - a +0 scale mail
 c - a +0 buckler
 d - a +0 kite shield (worn)
 j - a +0 chain mail
 A - a +0 plate armour (worn)
Jewellery
 f - a ring of fire
Wands
 r - a wand of light (10)
Scrolls
 k - 3 scrolls of amnesia
 m - 3 scrolls of enchant weapon
 o - a scroll of silence
 p - 3 scrolls of butterflies
 s - 2 scrolls of enchant armour
 u - 4 scrolls of poison {unknown}
 w - 5 scrolls of noise {unknown}
 x - 2 scrolls of fear
 y - a scroll of blinking {unknown}
 z - a scroll of magic mapping
 B - 2 scrolls of fog {unknown}
 C - 2 scrolls of identify
 E - a scroll of immolation {unknown}
Potions
 e - 6 potions of might
 g - 3 potions of heal wounds
 h - 3 potions of curing
 i - 3 potions of flight
 l - 5 potions of cancellation
 n - 4 potions of mutation
 q - 2 potions of magic
 D - a potion of brilliance {unknown}
 F - a potion of resistance {unknown}
 G - a potion of haste {unknown}


   Skills:
 + Level 8.6 Fighting
 + Level 12.1 Long Blades
 + Level 10.5 Armour
 + Level 3.0 Dodging
 + Level 1.3 Stealth
 + Level 9.7 Shields
 + Level 0.4 Invocations


You had 9 spell levels left.
You didn't know any spells.
Your spell library contained the following spells:

 Spells                   Type           Power      Damage    Failure   Level
 Beastly Appendage        Tmut           0%         N/A       100%        1
 Freeze                   Ice            0%         1d3       100%        1
 Magic Dart               Conj           0%         1d3       100%        1
 Necrotise                Necr           0%         1d4       100%        1
 Slow                     Hex            0%         N/A       100%        1
 Ensorcelled Hibernation  Hex/Ice        0%         N/A       100%        2
 Wereblood                Tmut           0%         N/A       100%        2
 Confusing Touch          Hex            0%         N/A       100%        3
 Frozen Ramparts          Ice            0%         1d1       100%        3
 Hailstorm                Conj/Ice       0%         3d3       100%        3
 Mephitic Cloud           Conj/Pois/Air  0%         N/A       100%        3
 Spider Form              Tmut/Pois      0%         N/A       100%        3
 Vampiric Draining        Necr           0%         2d6       100%        3
 Anguish                  Hex/Necr       0%         N/A       100%        4
 Ice Form                 Ice/Tmut       0%         N/A       100%        4
 Agony                    Necr           0%         N/A       100%        5
 Call Imp                 Summ           Unusable   N/A       N/A         2
 Simulacrum               Ice/Necr       Unusable   N/A       N/A         6

Dungeon Overview and Level Annotations

Branches:
Dungeon (11/15)            Temple (1/1) D:7            Lair (0/5) D:11
  Sewer (visited)         Ossuary (visited)
    Orc: D:9-12

Altars:
Ashenzari
Dithmenos
Elyvilon
Fedhas
Gozag
Hepliaklqana
Kikubaaqudgha
Makhleb
Nemelex Xobeh
Okawaru
Qazlal
Trog
Uskayaw
Vehumet
Wu Jian
Xom
Yredelemnul
Zin
The Shining One

Annotations:
D:3 2 transporters
D:5 1 runed translucent door, hoesters's ghost, amateur MeFi
D:8 3 runed translucent doors, jaiteiro's ghost, novice DEFE


Innate Abilities, Weirdness & Mutations

You have a pair of horns on your head.
You reflexively headbutt those who attack you in melee.


Message History

[Y]es or [N]o only, please.
The barbs in your skin will harm you if you move.
Continue?
Okay, then.
The barbs in your skin will harm you if you move.
Continue?
The barbed spikes dig painfully into your body as you move.
The wolf enters a dispersal trap!
The manticore blinks!
The kobold blinks!
The rime drake blinks!
The red devil blinks!
You blink.
Found a staircase to the Lair.
The wolf blinks!
The barbed spikes dig painfully into your body as you move.
Unknown command.
The barbed spikes dig painfully into your body as you move.
The barbed spikes dig painfully into your body as you move.
The barbed spikes dig painfully into your body as you move.
The barbed spikes dig painfully into your body as you move.
* * * LOW HITPOINT WARNING * * *
2 ice beasts come into view.
Found a book of the Wilderness.
The barbed spikes dig painfully into your body as you move.
* * * LOW HITPOINT WARNING * * *
As you read the scroll of teleportation, it crumbles to dust.
You feel strangely unstable.
Unknown command.
You enter the shallow water.
Moving in this stuff is going to be slow.
The barbed spikes dig painfully into your body as you move.
* * * LOW HITPOINT WARNING * * *
The barbed spikes dig painfully into your body as you move.
* * * LOW HITPOINT WARNING * * *
The wolf attacks as you move away! You block the wolf's attack.
The barbed spikes dig painfully into your body as you move.
* * * LOW HITPOINT WARNING * * *
The ice beast hits you but does no damage.
The wolf bites you.
* * * LOW HITPOINT WARNING * * *
The wolf attacks as you move away! The wolf bites you!
* * * LOW HITPOINT WARNING * * *
The ice beast attacks as you move away!
The ice beast hits you but does no damage.
The barbed spikes dig painfully into your body as you move.
You die...

....... ..#~..
#......#...... #
###...##....... ..
#.#.#........~..##..
........~...Y.......
...#...#.....##...# ..
.........Y...##..## ...
#.....@.h~.##....###.#
#........#..#........#
......#...#.....>.....#
##...:....#..#........#
#....#.....###...#.#.
#............#...##
..................#.#
#.#.....#...............
###...........#..#......


You could see 2 ice beasts and a wolf.

Vanquished Creatures
  A two-headed ogre (D:10)
  A cyclops (D:9)
  An unseen horror (D:8)
  Grinder (D:3)
  Sigmund (D:3)
  A shadow (D:9)
  A wraith (Ossuary)
  3 wyverns (D:9)
  4 yaks
  A steam dragon (D:9)
  Edmund (D:6)
  A water moccasin (D:4)
  An orc warrior (D:6)
  2 ice beasts
  2 sky beasts
  3 black bears
  An ogre (D:5)
  3 centaurs
  A wolf (D:11)
  4 kobold brigands
  4 bullfrogs
  A gnoll sergeant (D:6)
  A scorpion (D:5)
  4 wights (D:8)
  11 killer bees
  7 howler monkeys
  2 jellies
  3 hounds
  2 orc priests (D:8)
  A gnoll bouda (D:6)
  4 iguanas
  2 sleepcaps (D:5)
  3 orc wizards
  A mummy (Ossuary)
  Robin (D:3)
  30 gnolls
  8 adders
  A worm (D:2)
  4 dart slugs
  25 orcs
  9 ball pythons
  8 bats
  4 endoplasms
  8 giant cockroaches
  6 hobgoblins
  7 jackals (D:3)
  4 quokkas
  2 frilled lizards (Sewer)
  6 gnoll skeletons (Ossuary)
  18 goblins
  22 kobolds
  11 kobold skeletons (Ossuary)
  8 orc skeletons (Ossuary)
  5 rats
267 creatures vanquished.

Vanquished Creatures (others)
  A kobold (Sewer)
1 creature vanquished.

Grand Total: 268 creatures vanquished

Notes
Turn   | Place    | Note
-------+----------+-------------------------------------------
     0 | D:1      | Peloso the Minotaur Fighter began the quest for the Orb.
     0 | D:1      | Reached XP level 1. HP: 19/19 MP: 0/0
   227 | D:1      | Reached XP level 2. HP: 27/27 MP: 1/1
   669 | D:1      | Reached XP level 3. HP: 33/33 MP: 2/2
   808 | D:2      | Reached skill level 3 in Long Blades
   877 | D:2      | Found an ancient bone altar of Kikubaaqudgha.
  1692 | D:3      | Found a faded altar of an unknown god.
  1810 | D:3      | Noticed Grinder
  1826 | D:3      | Killed Grinder
  1827 | D:3      | Reached skill level 5 in Long Blades
  1827 | D:3      | Reached XP level 4. HP: 17/41 MP: 3/3
  1827 | D:3      | Reached XP level 5. HP: 20/47 MP: 4/4
  1832 | D:3      | Noticed Sigmund
  1840 | D:3      | Killed Sigmund
  1841 | D:3      | Reached skill level 5 in Armour
  1841 | D:3      | Reached skill level 5 in Shields
  1841 | D:3      | Reached XP level 6. HP: 28/55 MP: 5/5
  2054 | D:3      | Noticed Robin
  2093 | D:3      | Killed Robin
  2204 | D:3      | Found a transporter.
  2216 | D:3      | Found a transporter.
  2713 | D:4      | Noticed a water moccasin
  2728 | D:4      | Killed a water moccasin
  2729 | D:4      | Reached skill level 6 in Long Blades
  2729 | D:4      | Reached skill level 1 in Dodging
  2729 | D:4      | Reached XP level 7. HP: 12/60 MP: 6/6
  2914 | D:4      | Reached skill level 5 in Fighting
  2914 | D:4      | Found a stormy altar of Qazlal.
  3385 | D:5      | Entered Level 5 of the Dungeon
  3394 | D:5      | Reached skill level 7 in Long Blades
  3415 | D:5      | Found a runed translucent door.
  3465 | D:5      | Found a sand-covered staircase.
  3471 | Ossuary  | Entered an ossuary
  3471 | Ossuary  | Noticed a wraith
  3471 | Ossuary  | Noticed a wraith
  3471 | Ossuary  | Noticed a wraith
  3646 | Ossuary  | Noticed a wraith
  3658 | Ossuary  | Killed a wraith
  3659 | Ossuary  | Reached XP level 8. HP: 33/69 MP: 7/7
  3719 | D:5      | Reached skill level 8 in Long Blades
  3742 | D:5      | Noticed hoesters's ghost (amateur MeFi)
  3885 | D:5      | Found a glowing drain.
  3895 | Sewer    | Entered a sewer
  4661 | D:5      | Found an ornate altar of the Wu Jian Council.
  4738 | D:5      | Found a sparkling altar of Nemelex Xobeh.
  5035 | D:6      | Noticed Edmund
  5053 | D:6      | Killed Edmund
  5054 | D:6      | Reached skill level 9 in Long Blades
  5301 | D:6      | Reached XP level 9. HP: 70/78 MP: 8/8
  5501 | D:6      | You fall into a shaft and drop 2 floors!
  5534 | D:8      | Identified the +3 ring mail of Gagh {Harm Int+3}
  5704 | D:8      | Killed an unseen horror
  5705 | D:8      | Reached skill level 10 in Long Blades
  6030 | D:7      | Found a staircase to the Ecumenical Temple.
  6269 | D:6      | Found a glowing golden altar of the Shining One.
  6635 | Temple   | Entered the Ecumenical Temple
  6672 | Temple   | Became a worshipper of Warmaster Okawaru
  7403 | D:7      | Found a broken altar of Ashenzari.
  7548 | D:6      | Reached * piety under Okawaru
  7987 | D:8      | Found a runed translucent gate.
  7988 | D:8      | Found a runed translucent gate.
  7988 | D:8      | Noticed jaiteiro's ghost (novice DEFE)
  7989 | D:8      | Found a runed translucent gate.
  8038 | D:8      | Reached XP level 10. HP: 88/88 MP: 9/9
  8596 | D:9      | Reached skill level 1 in Stealth
  8604 | D:9      | Reached skill level 11 in Long Blades
  9162 | D:9      | Found a hide-covered altar of Uskayaw.
  9210 | D:9      | Found a blossoming altar of Fedhas.
  9328 | D:9      | Noticed a cyclops
  9345 | D:9      | Killed a cyclops
  9434 | D:10     | Entered Level 10 of the Dungeon
  9794 | D:9      | Reached ** piety under Okawaru
 10033 | D:9      | Reached skill level 10 in Armour
 10808 | D:11     | Noticed a two-headed ogre
 10812 | D:11     | Noticed a manticore
 10836 | D:10     | Killed a two-headed ogre
 10837 | D:10     | Reached skill level 12 in Long Blades
 11358 | D:11     | Found a staircase to the Lair.
 11369 | D:11     | Succumbed to barbed spike wounds

Illustrated notes

Levels and vault maps discovered:
D:1:      dpeg_arrival_chambers_temple_mockup, layout_rooms,
          amcnicky_mini_rare_corridor_liquid
D:2:      minmay_wonky_spiral, layout_loops_corners, basic_altar
D:3:      gammafunk_wand_slinger, layout_loops_corners,
          nicolae_ecumenical_oubliette, nicolae_figureground_sparkle,
          uniq_robin, uniq_grinder, uniq_sigmund
D:4:      layout_rooms, nicolae_qazlal_beasts_of_the_sky, minmay_misc_feat_tiny,
          minmay_gold_behind_fungi
D:5:      layout_cave_pools, mainiacjoe_overflow_alcove_1,
          nemelex_spade_bored_becter, nicolae_ossuary_entry_plus,
          ebering_ghost_sewer_d, portal_sewer_entry_f
D:6:      layout_loops_ring, nicolae_tso_swordbearing_angel, item_on_display_a,
          uniq_edmund
D:7:      layout_cave_pools, evilmike_ruin_ashenzari, minmay_temple_entry_arrows
D:8:      layout_basic, gammafunk_ghost_nasty_kobolds
D:9:      layout_irregular_city, mainiacjoe_overflow_big_doors
D:10:     layout_layer_cave
D:11:     layout_cave_pools, hellmonk_lair_entry_icy, david_orc_3, serial_shops,
          shop, uniq_josephine, uniq_maurice
Temple:   regret_index_temple_waves

Skill      XL: |  1  2  3  4  5  6  7  8  9 10 |
---------------+-------------------------------+-----
Shields        | 4 5 6 7 8 9 |  9.7
Armour         | 4 5 6 7 8 10 | 10.5
Long Blades    | 5 6 7 9 10 12 | 12.1
Fighting       | 4 5 6 7 8 |  8.6
Dodging        | 1 2 3 |  3.0
Stealth        | 1 |  1.3
Invocations    | |  0.4

Action                     |  1- 3 |  4- 6 |  7- 9 | 10-12 || total
---------------------------+-------+-------+-------+-------++-------
  Melee: Long sword        |   121 |    71 |   546 |     9 ||   747
         Headbutt          |    12 |    10 |   112 |    38 ||   172
         Falchion          |       |       |       |   162 ||   162
 Invoke: Heroism           |       |       |       |     6 ||     6
  Evoke: Wand              |       |       |     1 |       ||     1
    Use: Scroll            |     2 |       |    13 |     1 ||    16
         Potion            |     2 |       |     2 |     1 ||     5
 Armour: Scale mail        |    19 |       |       |       ||    19
         Chain mail        |    44 |    16 |   200 |       ||   260
         Plate armour      |       |       |    90 |    81 ||   171
  Dodge: Dodged            |    36 |    21 |   173 |    54 ||   284
  Block: Kite shield       |    50 |    38 |   327 |   110 ||   525
         Buckler           |     2 |       |       |       ||     2
